 Dungeon Crawl Stone Soup version 0.30-a0-223-gcb0039aa0c (webtiles) character file.

Game seed: 10877089009244848860

54600 qw the Cleaver (level 14, -5/90 HPs)
             Began as a Gargoyle Fighter on Oct 9, 2022.
             Was a High Priest of Okawaru.
             Slain by a starcursed mass (8 damage)
             ... on level 2 of the Abyss.
             The game lasted 00:08:08 (16011 turns).

qw the Cleaver (Gargoyle Fighter)                  Turns: 16011, Time: 00:08:08

Health: -5/90      AC: 34    Str: 22      XL:     14   Next: 73%
Magic:  21/21      EV: 12    Int:  8 (10) God:    Okawaru [*****.]
Gold:   918        SH: 19    Dex: 13      Spells: 13/13 levels left

rFire   . . .      SeeInvis .    Y - +1 war axe (venom)
rCold   + . .      Faith    .    w - +0 tower shield
rNeg    + . .      Spirit   .    t - +1 plate armour {rPois}
rPois   inf        Reflect  .    (helmet restricted)
rElec   +          Harm     .    g - +1 cloak
rCorr   .          Rampage  .    j - +2 pair of gloves
Will    +....      Clarity  +    (no boots)
Stlth   ..........               q - amulet of regeneration
HPRegen 1.15/turn                f - +4 ring of evasion
MPRegen 0.17/turn                x - ring of protection from cold

@: heroic, flying
A: sickness immunity, AC +10, big wings, negative energy resistance 1,
electricity resistance, torment resistance 1, petrification resistance, antennae
1, talons 1, agile 1, clarity
a: Renounce Religion, Heroism, Finesse, Duel


You were on level 2 of the Abyss.
You worshipped Okawaru.
Okawaru was extremely pleased with you.
You visited 2 branches of the dungeon, and saw 16 of its levels.
You visited the Abyss 1 time.

You collected 1513 gold pieces.
You spent 595 gold pieces at shops.


Innate Abilities, Weirdness & Mutations

You are immune to sickness and miasma.
Your stone body is resilient. (AC +10)
You are immune to poison.
Your large and strong wings let you fly.
You resist negative energy. (rN+)
You are resistant to electric shocks. (rElec)
You are resistant to unholy torment.
You are immune to petrification.
You have a pair of small antennae on your head.
You have sharp toenails.
You are agile. (Dex +4, Str/Int -1)
You possess an exceptional clarity of mind.


   Skills:
 - Level 11.0(16.0) Fighting
 - Level 14.8(19.8) Axes
 - Level 5.0(10.0) Throwing
 - Level 10.0(15.0) Armour
 - Level 3.4(8.4) Dodging
 + Level 11.8(16.8) Shields
 - Level 10.0 Invocations


You had 13 spell levels left.
You didn't know any spells.
Your spell library was empty.

Inventory:

Hand Weapons
 c - a +4 morningstar
 Y - a +1 war axe of venom (weapon)
Armour
 g - a +1 cloak (worn)
 j - a +2 pair of gloves (worn)
 m - +0 acid dragon scales
 t - a +1 plate armour of poison resistance (worn)
 v - the +1 ring mail of Dukhloimo {rElec rC+ Will- SInv}
   (You took it off a gnoll on level 7 of the Dungeon)

   rC:        It protects you from cold.
   rElec:     It insulates you from electricity.
   SInv:      It lets you see invisible.
   Will:      It decreases your willpower.
 w - a +0 tower shield (worn)
Jewellery
 f - a +4 ring of evasion (left hand)
 q - an amulet of regeneration (around neck)
 u - a +6 ring of dexterity
 x - a ring of protection from cold (right hand)
Scrolls
 k - a scroll of butterflies {unknown}
 r - 10 scrolls of identify
Potions
 a - 2 potions of resistance
 b - 4 potions of mutation
 d - 6 potions of might
 e - 11 potions of curing
 h - 2 potions of magic
 l - 5 potions of attraction
 n - 2 potions of haste
 o - 3 potions of cancellation
 p - 3 potions of lignification

Dungeon Overview and Level Annotations

Branches:
Dungeon (11/15)            Temple (0/1) D:6            Lair (5/5) D:8
 Shoals (0/4) Lair:2        Snake (0/4) Lair:3        Slime (0/5) Lair:4
    Orc (0/2) D:10

Altars:
Cheibriados
Dithmenos
Elyvilon
Fedhas
Gozag
Hepliaklqana
Kikubaaqudgha
Makhleb
Nemelex Xobeh
Okawaru
Qazlal
Ru
Xom
Yredelemnul
The Shining One
Jiyva

Shops:
D:6 *   D:7 ??

Annotations:
D:8 3 runed translucent doors, qw's ghost, novice GrFi
D:11 Erolcha
Lair:4 1 runed translucent door, qw's ghost, journeyman GrFi
Lair:5 2 runed translucent doors


Message History

You hit the starcursed mass.
You claw the starcursed mass, but do no damage.
The starcursed mass is almost destroyed.
You slash the small abomination!
The starcursed mass shudders and is absorbed by its neighbour.
You block the small abomination's attack.
A chorus of shrieks assaults your mind.
A starcursed mass splits.
You slash the small abomination! You claw the small abomination.
You destroy the small abomination!
Okawaru accepts your kill. A chorus of shrieks assaults your mind.
You slash the starcursed mass!
You destroy the starcursed mass!
Okawaru accepts your kill.
A starcursed mass splits. x2
You slice the neqoxec!!
The neqoxec looks as sick as possible!
You claw the neqoxec.
The neqoxec is severely wounded.
You slash the starcursed mass!
You destroy the starcursed mass!
Okawaru accepts your kill.
You slash the neqoxec! You block the neqoxec's attack.
You slash the neqoxec!
You kill the neqoxec!
Okawaru accepts your kill.
You hit the starcursed mass.
The starcursed mass is almost destroyed.
You slash the starcursed mass!
The starcursed mass shudders and is absorbed by its neighbour.
A chorus of shrieks assaults your mind.
You hit the starcursed mass.
You claw the starcursed mass, but do no damage.
The starcursed mass is almost destroyed.
You slash the starcursed mass!
You destroy the starcursed mass!
Okawaru accepts your kill. The starcursed mass touches you!
You die...

. #. .. #. ###
..# . # .#..
#.# # ##.#.
##.##. ...# # .
#.ยค.#.## . . #
###X# # #.
##..#.#@### .
.. ... ..
##.X......#
....#...#....##
.. ## ...#..# #
.# #.### #.# #
#...## # #. .
...) # .. . .
.# ... . # .


You could see 2 starcursed masses.

Vanquished Creatures
  2 tentacled starspawn (Abyss:2)
  A deep elf elementalist (Abyss:2)
  A lorocyproca (Abyss:2)
  3 hydras
  A rakshasa (Abyss:2)
  2 catoblepae
  Erica (Lair:1)
  A boulder beetle (D:8)
  3 two-headed ogres
  A centaur warrior (D:8)
  10 death yaks
  A large abomination (Abyss:2)
  A lindwurm (Lair:5)
  An orc sorcerer (Abyss:2)
  16 elephants
  4 cane toads
  A smoke demon (Abyss:2)
  3 molten gargoyles (Lair:5)
  A gargoyle (D:11)
  8 black mambas
  A torpor snail (Lair:4)
  Maggie (D:6)
  3 unseen horror zombies (D:9)
  4 rime drakes
  7 komodo dragons
  A troll (D:9)
  A polar bear (Lair:2)
  An ancient zyme (Abyss:2)
  10 blink frogs
  A ynoxinul (Abyss:2)
  2 shadows (D:11)
  32 yaks
  3 wyverns (Lair:5)
  2 wraiths
  A yak (shapeshifter) (Abyss:2)
  A neqoxec (Abyss:2)
  9 basilisks
  A chaos spawn (Abyss:2)
  A steam dragon (Lair:5)
  A vampire mosquito (D:8)
  5 nagas (Lair:3)
  21 water moccasins
  6 hell hounds
  An acid dragon (D:11)
  4 small abominations (Abyss:2)
  An ice beast (D:6)
  10 orc warriors
  A sky beast (D:7)
  3 black bears
  3 ogres
  21 wolves
  7 centaurs
  4 kobold brigands
  10 bullfrogs
  A gnoll sergeant (D:7)
  3 necrophages
  2 scorpions
  6 wights
  5 killer bees (D:9)
  5 howler monkeys (D:9)
  5 lava snakes (Lair:5)
  A centaur zombie (D:9)
  4 starcursed masses (Abyss:2)
  2 quasits (Abyss:2)
  3 hounds
  An iron imp (Abyss:2)
  11 orc priests
  A human zombie (D:9)
  A gnoll bouda (D:8)
  An iguana (D:7)
  3 jellies
  12 orc wizards
  6 hell rats
  A howler monkey zombie (D:9)
  A mummy (D:9)
  Robin (D:3)
  12 gnolls
  8 river rats (Lair:1)
  11 adders
  2 white imps
  An ufetubus (D:6)
  2 worms (D:2)
  5 dart slugs
  59 orcs
  7 ball pythons
  2 endoplasms
  3 giant cockroaches
  20 goblins
  16 hobgoblins
  4 jackals (D:1)
  37 kobolds
  2 quokkas
  5 bats
  5 frilled lizards
  12 rats
  5 starspawn tentacles (Abyss:2)
536 creatures vanquished.

Vanquished Creatures (others)
  59 fungi
  63 plants
  5 starspawn tentacles (Abyss:2)
127 creatures vanquished.

Grand Total: 663 creatures vanquished

Notes
Turn   | Place    | Note
-------+----------+-------------------------------------------
     0 | D:1      | qw the Gargoyle Fighter began the quest for the Orb.
     0 | D:1      | Reached XP level 1. HP: 14/14 MP: 1/1
     0 | D:1      | 0 ||| qw: Version: 0.2-a-17-g06abaee
     0 | D:1      | 0 ||| qw: Game counter: 2081
     0 | D:1      | 0 ||| qw: Always use a shield: true
     0 | D:1      | 0 ||| qw: God list: Okawaru
     0 | D:1      | 0 ||| qw: Allow faded altars: false
     0 | D:1      | 0 ||| qw: Do Orc after D:15 true
     0 | D:1      | 0 ||| qw: Do second Lair branch before Depths: true
     0 | D:1      | 0 ||| qw: Lair rune preference: random
     0 | D:1      | 0 ||| qw: Plans: Normal, Zot:1-4, God:TSO, Crypt, Tomb,
                  | Pan, Slime:5, Hells, Abyss, Orb
     0 | D:1      | 0 ||| PLANNING D:1-11
    66 | D:1      | Reached skill level 2 in Axes
   137 | D:1      | Reached XP level 2. HP: 18/19 MP: 2/2
   249 | D:1      | Found a faded altar of an unknown god.
   264 | D:1      | 264 ||| Stepping ~*~*~tactically~*~*~ (stealth).
   333 | D:1      | Reached skill level 3 in Axes
   349 | D:1      | Reached XP level 3. HP: 15/23 MP: 3/3
   503 | D:1      | 503 ||| UPGRADING to +0 pair of gloves.
   508 | D:1      | 508 ||| UPGRADING to +0 chain mail.
   518 | D:1      | 518 ||| DROPPING +0 scale mail.
   519 | D:1      | 519 ||| UPGRADING to +4 ring of evasion.
   520 | D:1      | 520 ||| READING scroll labelled EMUCHE KUIG.
   521 | D:1      | 521 ||| READING scroll labelled ZARASU DASA.
   522 | D:1      | 522 ||| READING scroll labelled ROTHRI PEUN.
   523 | D:1      | 523 ||| DRINKING 2 inky potions.
   889 | D:2      | 889 ||| DROPPING +0 club.
   971 | D:2      | 971 ||| Stepping ~*~*~tactically~*~*~ (stealth).
  1068 | D:2      | 1068 ||| Stepping ~*~*~tactically~*~*~ (hiding).
  1077 | D:2      | Reached XP level 4. HP: 24/28 MP: 4/4
  1257 | D:2      | 1257 ||| DROPPING +6 ring of intelligence.
  1258 | D:2      | 1258 ||| READING scroll labelled DUSYAXZ JAKY.
  1278 | D:2      | 1278 ||| READING scroll labelled FOUHUUL XUOXOX.
  1321 | D:3      | 1321 ||| Stepping ~*~*~tactically~*~*~ (hiding).
  1472 | D:3      | Reached skill level 4 in Axes
  1486 | D:3      | HP: 7/28 [orc priest/+0 falchion (5)]
  1688 | D:3      | 1688 ||| Stepping ~*~*~tactically~*~*~ (stealth).
  1689 | D:3      | 1689 ||| Stepping ~*~*~tactically~*~*~ (stealth).
  1694 | D:3      | Noticed Robin
  1695 | D:3      | 1695 ||| Stepping ~*~*~tactically~*~*~ (hiding).
  1702 | D:3      | Reached XP level 5. HP: 23/32 MP: 5/5
  1710 | D:3      | Killed Robin
  1716 | D:3      | 1716 ||| FLEEEEING.
  1717 | D:3      | 1717 ||| FLEEEEING.
  1718 | D:3      | 1718 ||| FLEEEEING.
  1719 | D:3      | 1719 ||| FLEEEEING.
  1720 | D:3      | 1720 ||| FLEEEEING.
  1721 | D:3      | 1721 ||| FLEEEEING.
  1722 | D:3      | 1722 ||| FLEEEEING.
  1723 | D:3      | 1723 ||| FLEEEEING.
  1726 | D:3      | 1726 ||| FLEEEEING.
  1727 | D:3      | 1727 ||| FLEEEEING.
  1729 | D:3      | 1729 ||| FLEEEEING.
  1730 | D:3      | 1730 ||| FLEEEEING.
  1731 | D:3      | 1731 ||| FLEEEEING.
  1732 | D:3      | 1732 ||| FLEEEEING.
  1733 | D:3      | 1733 ||| FLEEEEING.
  1737 | D:3      | 1737 ||| FLEEEEING.
  1738 | D:3      | 1738 ||| FLEEEEING.
  1739 | D:3      | 1739 ||| FLEEEEING.
  1775 | D:3      | 1775 ||| Stepping ~*~*~tactically~*~*~ (stealth).
  1777 | D:3      | 1777 ||| Stepping ~*~*~tactically~*~*~ (stealth).
  1848 | D:3      | Reached skill level 5 in Axes
  2038 | D:3      | HP: 7/33 [orc/+0 whip (3)]
  2144 | D:3      | 2144 ||| DROPPING +0 whip.
  2162 | D:3      | 2162 ||| Stepping ~*~*~tactically~*~*~ (stealth).
  2197 | D:3      | Found a sacrificial altar of Ru.
  2496 | D:3      | 2496 ||| UPGRADING to +0 helmet.
  2501 | D:3      | 2501 ||| READING scroll labelled PIGRERIXUQ.
  2501 | D:3      | Identified a scroll of acquirement
  2501 | D:3      | 2501 ||| ACQUIRING 350 gold pieces
  2501 | D:3      | Acquired 350 gold pieces
  2503 | D:3      | 2503 ||| DRINKING 2 purple potions.
  2503 | D:3      | Gained mutation: You sometimes lose your temper in combat.
                  | [potion of mutation]
  2503 | D:3      | Gained mutation: You have hidden genetic potential. [potion
                  | of mutation]
  2503 | D:3      | Gained mutation: Your large and strong wings let you fly.
                  | [potion of mutation]
  2509 | D:3      | 2509 ||| DRINKING potion of mutation.
  2509 | D:3      | Lost mutation: You sometimes lose your temper in combat.
                  | [potion of mutation]
  2509 | D:3      | Lost mutation: You have hidden genetic potential. [potion
                  | of mutation]
  2509 | D:3      | Gained mutation: You are agile. (Dex +4, Str/Int -1)
                  | [potion of mutation]
  2509 | D:3      | Gained mutation: You have a pair of small antennae on your
                  | head. [potion of mutation]
  2509 | D:3      | Gained mutation: You possess an exceptional clarity of
                  | mind. [potion of mutation]
  2509 | D:3      | Gained mutation: You have sharp toenails. [potion of
                  | mutation]
  2510 | D:3      | 2510 ||| DROPPING +0 helmet.
  2511 | D:3      | 2511 ||| DRINKING 2 black potions.
  2512 | D:3      | 2512 ||| DRINKING 3 yellow potions.
  2513 | D:3      | 2513 ||| DROPPING potion of flight.
  2580 | D:4      | Reached skill level 1 in Dodging
  2580 | D:4      | Reached XP level 6. HP: 18/38 MP: 6/6
  2703 | D:4      | 2703 ||| Stepping ~*~*~tactically~*~*~ (stealth).
  2704 | D:4      | 2704 ||| Stepping ~*~*~tactically~*~*~ (stealth).
  2711 | D:4      | 2711 ||| Stepping ~*~*~tactically~*~*~ (stealth).
  2712 | D:4      | 2712 ||| Stepping ~*~*~tactically~*~*~ (stealth).
  2773 | D:4      | Noticed an orc warrior
  2788 | D:4      | Killed an orc warrior
  2898 | D:4      | Found a sparkling altar of Nemelex Xobeh.
  3064 | D:4      | Found a stormy altar of Qazlal.
  3074 | D:4      | Reached skill level 6 in Axes
  3074 | D:4      | Reached XP level 7. HP: 43/43 MP: 7/7
  3296 | D:4      | Found a blossoming altar of Fedhas.
  3296 | D:4      | Found a hazy altar of Hepliaklqana.
  3312 | D:4      | Reached skill level 7 in Axes
  3373 | D:4      | 3373 ||| DROPPING +2 mace of draining.
  3585 | D:4      | 3585 ||| UPGRADING to +0 cloak.
  3590 | D:4      | 3590 ||| READING 2 scrolls labelled PUUTI QIEQ.
  3591 | D:4      | 3591 ||| READING scroll of enchant armour.
  3591 | D:4      | 3591 ||| ENCHANTING +0 pair of gloves.
  3592 | D:4      | 3592 ||| READING 2 scrolls of identify.
  3592 | D:4      | 3592 ||| IDENTIFYING lumpy orange potion
  3593 | D:4      | 3593 ||| DROPPING potion of magic.
  3598 | D:5      | Entered Level 5 of the Dungeon
  3627 | D:5      | Found an iron altar of Okawaru.
  3628 | D:5      | 3628 ||| PLANNING OKAWARU WORSHIP
  3633 | D:5      | 3633 ||| FLEEEEING.
  3634 | D:5      | 3634 ||| FLEEEEING.
  3635 | D:5      | 3635 ||| FLEEEEING.
  3636 | D:5      | 3636 ||| FLEEEEING.
  3637 | D:5      | 3637 ||| FLEEEEING.
  3642 | D:5      | 3642 ||| FLEEEEING.
  3643 | D:5      | 3643 ||| FLEEEEING.
  3644 | D:5      | 3644 ||| STAIRDANCE
  3660 | D:5      | 3660 ||| STAIRDANCE
  3679 | D:5      | Became a worshipper of Warmaster Okawaru
  3680 | D:5      | 3680 ||| PLANNING D:1-11
  3814 | D:5      | 3814 ||| Stepping ~*~*~tactically~*~*~ (stealth).
  3839 | D:5      | 3839 ||| SWAPPING to +0 war axe of venom.
  3901 | D:5      | Reached XP level 8. HP: 42/49 MP: 8/8
  4118 | D:5      | 4118 ||| Stepping ~*~*~tactically~*~*~ (stealth).
  4120 | D:5      | 4120 ||| Stepping ~*~*~tactically~*~*~ (stealth).
  4126 | D:5      | 4126 ||| Stepping ~*~*~tactically~*~*~ (stealth).
  4138 | D:5      | 4138 ||| Stepping ~*~*~tactically~*~*~ (stealth).
  4147 | D:5      | Reached * piety under Okawaru
  4300 | D:5      | Found a basalt altar of Yredelemnul.
  4302 | D:5      | 4302 ||| INVOKING Heroism.
  4382 | D:5      | 4382 ||| UPGRADING to +0 plate armour.
  4392 | D:5      | 4392 ||| DROPPING +0 chain mail.
  4393 | D:5      | 4393 ||| READING scroll labelled BUMEHA KOADOIM.
  4396 | D:5      | 4396 ||| READING scroll labelled SYAPNU ORGHI.
  4448 | D:6      | Found Repri's Assorted Antiques.
  4480 | D:6      | 4480 ||| Stepping ~*~*~tactically~*~*~ (stealth).
  4488 | D:6      | Noticed Maggie
  4489 | D:6      | 4489 ||| Stepping ~*~*~tactically~*~*~ (hiding).
  4490 | D:6      | 4490 ||| Stepping ~*~*~tactically~*~*~ (hiding).
  4502 | D:6      | 4502 ||| INVOKING Heroism.
  4507 | D:6      | Killed Maggie
  4508 | D:6      | Reached skill level 6 in Armour
  4585 | D:6      | 4585 ||| Stepping ~*~*~tactically~*~*~ (stealth).
  4588 | D:6      | 4588 ||| Stepping ~*~*~tactically~*~*~ (stealth).
  4605 | D:6      | 4605 ||| Stepping ~*~*~tactically~*~*~ (stealth).
  4619 | D:6      | 4619 ||| INVOKING Heroism.
  4621 | D:6      | Reached skill level 1 in Invocations
  4690 | D:6      | Found a staircase to the Ecumenical Temple.
  4851 | D:6      | 4851 ||| INVOKING Heroism.
  4862 | D:6      | 4862 ||| INVOKING Heroism.
  4971 | D:6      | Reached skill level 8 in Axes
  4971 | D:6      | Reached skill level 3 in Invocations
  5011 | D:6      | 5011 ||| Stepping ~*~*~tactically~*~*~ (hiding).
  5017 | D:6      | 5017 ||| INVOKING Heroism.
  5022 | D:6      | Reached XP level 9. HP: 54/54 MP: 8/11
  5107 | D:6      | 5107 ||| INVOKING Heroism.
  5294 | D:6      | 5294 ||| UPGRADING to +1 plate armour of poison resistance.
  5304 | D:6      | 5304 ||| DROPPING +0 plate armour.
  5305 | D:6      | 5305 ||| READING 3 scrolls of identify.
  5305 | D:6      | 5305 ||| IDENTIFYING coppery potion
  5306 | D:6      | 5306 ||| READING 2 scrolls of identify.
  5306 | D:6      | 5306 ||| IDENTIFYING clear potion
  5387 | D:7      | 5387 ||| INVOKING Heroism.
  5390 | D:7      | Reached skill level 1 in Throwing
  5479 | D:7      | 5479 ||| FLEEEEING.
  5480 | D:7      | 5480 ||| FLEEEEING.
  5481 | D:7      | 5481 ||| FLEEEEING.
  5485 | D:7      | 5485 ||| FLEEEEING.
  5486 | D:7      | 5486 ||| FLEEEEING.
  5487 | D:7      | 5487 ||| FLEEEEING.
  5488 | D:7      | 5488 ||| FLEEEEING.
  5490 | D:7      | 5490 ||| FLEEEEING.
  5491 | D:7      | 5491 ||| FLEEEEING.
  5492 | D:7      | 5492 ||| FLEEEEING.
  5493 | D:7      | 5493 ||| FLEEEEING.
  5494 | D:7      | 5494 ||| FLEEEEING.
  5495 | D:7      | 5495 ||| FLEEEEING.
  5496 | D:7      | 5496 ||| FLEEEEING.
  5497 | D:7      | 5497 ||| FLEEEEING.
  5498 | D:7      | 5498 ||| FLEEEEING.
  5499 | D:7      | 5499 ||| FLEEEEING.
  5504 | D:7      | 5504 ||| INVOKING Heroism.
  5694 | D:7      | Found Adukidis's Magic Scroll Shoppe.
  5702 | D:7      | 5702 ||| BUYING scroll of enchant armour (90 gold).
  5702 | D:7      | Bought a scroll of enchant armour for 90 gold pieces
  5702 | D:7      | 5702 ||| BUYING scroll of identify (24 gold).
  5702 | D:7      | Bought a scroll of identify for 24 gold pieces
  5702 | D:7      | 5702 ||| BUYING scroll of identify (24 gold).
  5702 | D:7      | Bought a scroll of identify for 24 gold pieces
  5702 | D:7      | 5702 ||| BUYING scroll of identify (24 gold).
  5702 | D:7      | Bought a scroll of identify for 24 gold pieces
  5702 | D:7      | 5702 ||| BUYING scroll of identify (24 gold).
  5702 | D:7      | Bought a scroll of identify for 24 gold pieces
  5702 | D:7      | 5702 ||| BUYING scroll of identify (24 gold).
  5702 | D:7      | Bought a scroll of identify for 24 gold pieces
  5702 | D:7      | 5702 ||| READING scroll of enchant armour.
  5702 | D:7      | 5702 ||| ENCHANTING +1 pair of gloves.
  5709 | D:7      | Found Faorph's Magic Scroll Shoppe.
  5714 | D:7      | 5714 ||| Stepping ~*~*~tactically~*~*~ (stealth).
  5716 | D:7      | 5716 ||| Stepping ~*~*~tactically~*~*~ (stealth).
  5717 | D:7      | 5717 ||| Stepping ~*~*~tactically~*~*~ (stealth).
  5718 | D:7      | 5718 ||| Stepping ~*~*~tactically~*~*~ (stealth).
  5720 | D:7      | Identified the +1 ring mail of Dukhloimo {rElec rC+ Will-
                  | SInv}
  5721 | D:7      | 5721 ||| INVOKING Heroism.
  5727 | D:7      | Reached skill level 6 in Fighting
  5744 | D:7      | 5744 ||| INVOKING Heroism.
  5850 | D:7      | 5850 ||| BUYING scroll of identify (30 gold).
  5850 | D:7      | Bought a scroll of identify for 30 gold pieces
  5850 | D:7      | 5850 ||| BUYING scroll of identify (30 gold).
  5850 | D:7      | Bought a scroll of identify for 30 gold pieces
  5926 | D:7      | 5926 ||| READING scroll labelled QAOHAA DUEKKO.
  5927 | D:7      | 5927 ||| DRINKING 3 metallic clear potions.
  5928 | D:7      | 5928 ||| READING 10 scrolls of identify.
  5928 | D:7      | 5928 ||| IDENTIFYING fizzy pink potion
  5929 | D:7      | 5929 ||| READING 9 scrolls of identify.
  5929 | D:7      | 5929 ||| IDENTIFYING fizzy cyan potion
  5930 | D:7      | 5930 ||| READING 8 scrolls of identify.
  5930 | D:7      | 5930 ||| IDENTIFYING smoky white potion
  5931 | D:7      | 5931 ||| DROPPING 2 potions of degeneration.
  5932 | D:7      | 5932 ||| DROPPING potion of brilliance.
  6111 | D:7      | 6111 ||| Stepping ~*~*~tactically~*~*~ (stealth).
  6375 | D:6      | 6375 ||| BUYING potion of mutation (200 gold).
  6375 | D:6      | Bought a potion of mutation for 200 gold pieces
  6375 | D:6      | 6375 ||| BUYING small bone amulet (125 gold).
  6375 | D:6      | Bought a small bone amulet for 125 gold pieces
  6375 | D:6      | 6375 ||| UPGRADING to amulet of regeneration.
  6470 | D:8      | 6470 ||| INVOKING Heroism.
  6476 | D:8      | Reached skill level 9 in Axes
  6483 | D:8      | Reached ** piety under Okawaru
  6491 | D:8      | 6491 ||| INVOKING Heroism.
  6507 | D:8      | 6507 ||| Stepping ~*~*~tactically~*~*~ (stealth).
  6515 | D:8      | Found a staircase to the Lair.
  6536 | D:8      | 6536 ||| INVOKING Heroism.
  6562 | D:8      | Reached XP level 10. HP: 63/63 MP: 13/13
  6671 | D:8      | 6671 ||| Stepping ~*~*~tactically~*~*~ (hiding).
  6672 | D:8      | 6672 ||| INVOKING Heroism.
  6687 | D:8      | Reached skill level 10 in Axes
  6793 | D:8      | 6793 ||| DROPPING +0 flail.
  6818 | D:8      | Noticed a boulder beetle
  6819 | D:8      | 6819 ||| Stepping ~*~*~tactically~*~*~ (stealth).
  6820 | D:8      | Noticed a centaur warrior
  6821 | D:8      | 6821 ||| Stepping ~*~*~tactically~*~*~ (hiding).
  6825 | D:8      | 6825 ||| INVOKING Heroism.
  6833 | D:8      | Killed a centaur warrior
  6834 | D:8      | Reached skill level 3 in Dodging
  6836 | D:8      | Killed a boulder beetle
  6836 | D:8      | Reached *** piety under Okawaru
  6951 | D:8      | Found a runed translucent gate.
  6951 | D:8      | Noticed a centaur warrior
  6952 | D:8      | Found a runed translucent gate.
  6952 | D:8      | Noticed qw's ghost (novice GrFi)
  6953 | D:8      | Found a runed translucent gate.
  7077 | D:8      | 7077 ||| Stepping ~*~*~tactically~*~*~ (stealth).
  7081 | D:8      | 7081 ||| Stepping ~*~*~tactically~*~*~ (stealth).
  7082 | D:8      | 7082 ||| Stepping ~*~*~tactically~*~*~ (stealth).
  7142 | D:8      | Noticed a two-headed ogre
  7143 | D:8      | 7143 ||| INVOKING Heroism.
  7155 | D:8      | Killed a two-headed ogre
  7314 | D:8      | 7314 ||| Stepping ~*~*~tactically~*~*~ (hiding).
  7424 | D:8      | Found a snail-covered altar of Cheibriados.
  7591 | D:8      | 7591 ||| PLANNING LAIR
  7591 | D:8      | 7591 ||| DROPPING amulet of faith.
  7592 | D:8      | 7592 ||| READING 8 scrolls of identify.
  7592 | D:8      | 7592 ||| IDENTIFYING murky dark potion
  7593 | D:8      | 7593 ||| DROPPING potion of berserk rage.
  7622 | Lair:1   | Entered Level 1 of the Lair of Beasts
  7778 | Lair:1   | 7778 ||| Stepping ~*~*~tactically~*~*~ (stealth).
  7841 | Lair:1   | Reached **** piety under Okawaru
  7849 | Lair:1   | Noticed a cane toad
  7850 | Lair:1   | 7850 ||| INVOKING Heroism.
  7853 | Lair:1   | Noticed Erica
  7860 | Lair:1   | Killed a cane toad
  7865 | Lair:1   | 7865 ||| INVOKING Heroism.
  7869 | Lair:1   | Killed Erica
  7869 | Lair:1   | Reached ***** piety under Okawaru
  7870 | Lair:1   | Reached XP level 11. HP: 69/69 MP: 11/15
  7925 | Lair:1   | Identified the +3 quarterstaff "Giewotsegek" {flame, rElec
                  | Str+6 Int-4 SInv} (Okawaru gifted it to you on level 1 of
                  | the Lair of Beasts)
  7925 | Lair:1   | Received a gift from Okawaru
  8009 | Lair:1   | 8009 ||| Stepping ~*~*~tactically~*~*~ (stealth).
  8018 | Lair:1   | Reached skill level 6 in Invocations
  8030 | Lair:1   | 8030 ||| Stepping ~*~*~tactically~*~*~ (hiding).
  8136 | Lair:1   | 8136 ||| Stepping ~*~*~tactically~*~*~ (stealth).
  8141 | Lair:1   | 8141 ||| INVOKING Heroism.
  8142 | Lair:1   | 8142 ||| Stepping ~*~*~tactically~*~*~ (stealth).
  8228 | Lair:1   | 8228 ||| Stepping ~*~*~tactically~*~*~ (stealth).
  8252 | Lair:1   | 8252 ||| Stepping ~*~*~tactically~*~*~ (stealth).
  8273 | Lair:1   | 8273 ||| Stepping ~*~*~tactically~*~*~ (stealth).
  8423 | Lair:1   | 8423 ||| INVOKING Heroism.
  8432 | Lair:1   | Reached skill level 11 in Axes
  8452 | Lair:1   | 8452 ||| INVOKING Heroism.
  8498 | Lair:1   | 8498 ||| INVOKING Heroism.
  8521 | Lair:1   | 8521 ||| Stepping ~*~*~tactically~*~*~ (stealth).
  8523 | Lair:1   | 8523 ||| Stepping ~*~*~tactically~*~*~ (stealth).
  8528 | Lair:1   | Reached skill level 9 in Fighting
  8535 | Lair:1   | Found the +8 whip "Snakebite" {venom, curare, rPois}
  8812 | Lair:2   | Noticed a six-headed hydra
  8813 | Lair:2   | 8813 ||| INVOKING Heroism.
  8814 | Lair:2   | 8814 ||| INVOKING Finesse.
  8815 | Lair:2   | 8815 ||| SWAPPING to +2 flail of protection.
  8824 | Lair:2   | Killed a six-headed hydra
  8824 | Lair:2   | Received a gift from Okawaru
  8825 | Lair:2   | 8825 ||| SWAPPING to +0 war axe of venom.
  8897 | Lair:2   | 8897 ||| Stepping ~*~*~tactically~*~*~ (stealth).
  8898 | Lair:2   | 8898 ||| Stepping ~*~*~tactically~*~*~ (stealth).
  8932 | Lair:2   | 8932 ||| INVOKING Heroism.
  8948 | Lair:2   | 8948 ||| Stepping ~*~*~tactically~*~*~ (hiding).
  8950 | Lair:2   | 8950 ||| Stepping ~*~*~tactically~*~*~ (hiding).
  9015 | Lair:2   | 9015 ||| INVOKING Heroism.
  9099 | Lair:2   | 9099 ||| READING scroll of enchant weapon.
  9099 | Lair:2   | 9099 ||| ENCHANTING +0 war axe of venom.
  9100 | Lair:2   | 9100 ||| DROPPING +1 war axe.
  9150 | Lair:2   | 9150 ||| Stepping ~*~*~tactically~*~*~ (stealth).
  9152 | Lair:2   | 9152 ||| INVOKING Heroism.
  9159 | Lair:2   | Noticed a death yak
  9160 | Lair:2   | 9160 ||| Stepping ~*~*~tactically~*~*~ (stealth).
  9169 | Lair:2   | 9169 ||| INVOKING Finesse.
  9169 | Lair:2   | Noticed a death yak
  9173 | Lair:2   | Noticed a death yak
  9177 | Lair:2   | Noticed a death yak
  9182 | Lair:2   | Noticed a death yak
  9183 | Lair:2   | Killed a death yak
  9184 | Lair:2   | Reached skill level 9 in Invocations
  9184 | Lair:2   | Reached XP level 12. HP: 57/76 MP: 13/18
  9190 | Lair:2   | Killed a death yak
  9194 | Lair:2   | Killed a death yak
  9200 | Lair:2   | Killed a death yak
  9213 | Lair:2   | 9213 ||| INVOKING Heroism.
  9219 | Lair:2   | Killed a death yak
  9220 | Lair:2   | Reached skill level 12 in Axes
  9355 | Lair:2   | Found a staircase to the Shoals.
  9394 | Lair:2   | 9394 ||| Stepping ~*~*~tactically~*~*~ (stealth).
  9453 | Lair:2   | Received a gift from Okawaru
  9742 | Lair:2   | 9742 ||| READING 8 scrolls of identify.
  9742 | Lair:2   | 9742 ||| IDENTIFYING green potion
  9767 | Lair:3   | 9767 ||| INVOKING Heroism.
  9768 | Lair:3   | 9768 ||| STAIRDANCE
  9822 | Lair:3   | Reached skill level 6 in Shields
  9857 | Lair:3   | 9857 ||| INVOKING Heroism.
  9867 | Lair:3   | Reached skill level 3 in Throwing
  9872 | Lair:3   | Received a gift from Okawaru
  9908 | Lair:3   | You are sucked into a shaft and drop 1 floor!
  9910 | Lair:4   | Found a staircase to the Slime Pits.
  9910 | Lair:4   | Found a viscous altar of Jiyva.
 10015 | Lair:3   | Noticed a catoblepas
 10016 | Lair:3   | 10016 ||| INVOKING Heroism.
 10017 | Lair:3   | 10017 ||| INVOKING Finesse.
 10030 | Lair:3   | Killed a catoblepas
 10046 | Lair:3   | Reached skill level 9 in Armour
 10096 | Lair:3   | 10096 ||| INVOKING Heroism.
 10130 | Lair:3   | Noticed a six-headed hydra
 10131 | Lair:3   | 10131 ||| Stepping ~*~*~tactically~*~*~ (stealth).
 10133 | Lair:3   | 10133 ||| SWAPPING to +2 flail of protection.
 10134 | Lair:3   | 10134 ||| INVOKING Finesse.
 10135 | Lair:3   | 10135 ||| Stepping ~*~*~tactically~*~*~ (outnumbered).
 10137 | Lair:3   | 10137 ||| Stepping ~*~*~tactically~*~*~ (outnumbered).
 10138 | Lair:3   | 10138 ||| Stepping ~*~*~tactically~*~*~ (outnumbered).
 10140 | Lair:3   | 10140 ||| Stepping ~*~*~tactically~*~*~ (outnumbered).
 10145 | Lair:3   | 10145 ||| Stepping ~*~*~tactically~*~*~ (outnumbered).
 10146 | Lair:3   | 10146 ||| SWAPPING to +1 war axe of venom.
 10148 | Lair:3   | 10148 ||| SWAPPING to +2 flail of protection.
 10150 | Lair:3   | Killed a six-headed hydra
 10151 | Lair:3   | 10151 ||| SWAPPING to +1 war axe of venom.
 10158 | Lair:3   | 10158 ||| INVOKING Heroism.
 10179 | Lair:3   | 10179 ||| Stepping ~*~*~tactically~*~*~ (stealth).
 10209 | Lair:3   | 10209 ||| INVOKING Heroism.
 10257 | Lair:3   | 10257 ||| INVOKING Heroism.
 10299 | Lair:3   | Reached XP level 13. HP: 65/82 MP: 20/20
 10451 | Lair:3   | 10451 ||| Stepping ~*~*~tactically~*~*~ (hiding).
 10473 | Lair:3   | 10473 ||| INVOKING Heroism.
 10477 | Lair:3   | Identified the +9 executioner's axe of Jainifir {speed, rF+
                  | Int+3 Dex+4} (Okawaru gifted it to you on level 3 of the
                  | Lair of Beasts)
 10477 | Lair:3   | Received a gift from Okawaru
 10487 | Lair:3   | 10487 ||| Stepping ~*~*~tactically~*~*~ (hiding).
 10495 | Lair:3   | 10495 ||| Stepping ~*~*~tactically~*~*~ (hiding).
 10508 | Lair:3   | Found a staircase to the Snake Pit.
 10731 | Lair:3   | 10731 ||| Stepping ~*~*~tactically~*~*~ (stealth).
 10733 | Lair:3   | 10733 ||| Stepping ~*~*~tactically~*~*~ (stealth).
 10737 | Lair:3   | 10737 ||| Stepping ~*~*~tactically~*~*~ (stealth).
 10738 | Lair:3   | 10738 ||| Stepping ~*~*~tactically~*~*~ (stealth).
 10739 | Lair:3   | 10739 ||| INVOKING Heroism.
 10754 | Lair:3   | Reached skill level 13 in Axes
 10786 | Lair:3   | 10786 ||| Stepping ~*~*~tactically~*~*~ (stealth).
 10789 | Lair:3   | 10789 ||| Stepping ~*~*~tactically~*~*~ (hiding).
 10790 | Lair:3   | 10790 ||| Stepping ~*~*~tactically~*~*~ (hiding).
 10792 | Lair:3   | 10792 ||| Stepping ~*~*~tactically~*~*~ (hiding).
 10794 | Lair:3   | 10794 ||| Stepping ~*~*~tactically~*~*~ (hiding).
 11014 | Lair:4   | 11014 ||| STAIRDANCE
 11163 | Lair:4   | 11163 ||| INVOKING Heroism.
 11194 | Lair:4   | 11194 ||| INVOKING Heroism.
 11215 | Lair:4   | 11215 ||| UPGRADING to ring of protection from cold.
 11231 | Lair:4   | 11231 ||| READING scroll labelled ZYLLUAXAURCH.
 11303 | Lair:4   | 11303 ||| INVOKING Heroism.
 11304 | Lair:4   | 11304 ||| SWAPPING to +2 flail of protection.
 11305 | Lair:4   | 11305 ||| INVOKING Finesse.
 11313 | Lair:4   | 11313 ||| SWAPPING to +1 war axe of venom.
 11424 | Lair:4   | Found a runed translucent door.
 11424 | Lair:4   | Noticed qw's ghost (journeyman GrFi)
 11439 | Lair:4   | 11439 ||| INVOKING Heroism.
 11457 | Lair:4   | 11457 ||| Stepping ~*~*~tactically~*~*~ (stealth).
 11520 | Lair:4   | 11520 ||| DROPPING +1 flail of protection.
 11556 | Lair:4   | 11556 ||| INVOKING Heroism.
 11557 | Lair:4   | 11557 ||| Stepping ~*~*~tactically~*~*~ (stealth).
 11561 | Lair:4   | 11561 ||| INVOKING Finesse.
 11583 | Lair:4   | Received a gift from Okawaru
 11584 | Lair:4   | Reached skill level 14 in Axes
 11642 | Lair:4   | 11642 ||| DROPPING +2 flail of protection.
 11939 | Lair:4   | 11939 ||| DROPPING amulet of magic regeneration.
 11962 | Lair:5   | Entered Level 5 of the Lair of Beasts
 12070 | Lair:5   | Identified the +11 sling of Sandy Valour {freeze, Will+}
 12187 | Lair:5   | 12187 ||| INVOKING Heroism.
 12260 | Lair:5   | 12260 ||| Stepping ~*~*~tactically~*~*~ (stealth).
 12261 | Lair:5   | 12261 ||| Stepping ~*~*~tactically~*~*~ (stealth).
 12262 | Lair:5   | 12262 ||| Stepping ~*~*~tactically~*~*~ (stealth).
 12263 | Lair:5   | 12263 ||| Stepping ~*~*~tactically~*~*~ (stealth).
 12267 | Lair:5   | 12267 ||| INVOKING Heroism.
 12393 | Lair:5   | 12393 ||| Stepping ~*~*~tactically~*~*~ (stealth).
 12420 | Lair:5   | 12420 ||| Stepping ~*~*~tactically~*~*~ (hiding).
 12513 | Lair:5   | Received a gift from Okawaru
 12520 | Lair:5   | 12520 ||| Stepping ~*~*~tactically~*~*~ (hiding).
 12522 | Lair:5   | 12522 ||| Stepping ~*~*~tactically~*~*~ (stealth).
 12527 | Lair:5   | 12527 ||| INVOKING Heroism.
 12634 | Lair:5   | 12634 ||| INVOKING Heroism.
 12640 | Lair:5   | Found a large runed translucent door.
 12640 | Lair:5   | Noticed a fire dragon
 12653 | Lair:5   | HP: 19/84 [komodo dragon (9)]
 12654 | Lair:5   | 12654 ||| READING scroll of teleportation.
 12654 | Lair:5   | HP: 6/84 [molten gargoyle/+0 mace (11)]
 12655 | Lair:5   | 12655 ||| DRINKING 5 potions of heal wounds.
 12657 | Lair:5   | 12657 ||| DRINKING 4 potions of heal wounds.
 12668 | Lair:5   | 12668 ||| INVOKING Heroism.
 12678 | Lair:5   | Received a gift from Okawaru
 12685 | Lair:5   | HP: 10/84 [elephant (13)]
 12686 | Lair:5   | 12686 ||| DRINKING 3 potions of heal wounds.
 12689 | Lair:5   | Received a gift from Okawaru
 12779 | Lair:5   | 12779 ||| Stepping ~*~*~tactically~*~*~ (hiding).
 12780 | Lair:5   | 12780 ||| INVOKING Heroism.
 12782 | Lair:5   | 12782 ||| INVOKING Finesse.
 12797 | Lair:5   | Mutation became permanent: Your large and strong wings let
                  | you fly. [Gargoyle growth]
 12797 | Lair:5   | Gained mutation: Your large and strong wings let you fly.
                  | [Gargoyle growth]
 12797 | Lair:5   | Reached XP level 14. HP: 86/90 MP: 14/21
 12918 | Lair:5   | Found a large runed translucent door.
 12930 | Lair:5   | 12930 ||| INVOKING Heroism.
 12988 | Lair:5   | 12988 ||| INVOKING Heroism.
 13046 | Lair:5   | 13046 ||| Stepping ~*~*~tactically~*~*~ (hiding).
 13223 | Lair:5   | 13223 ||| READING scroll of enchant armour.
 13223 | Lair:5   | 13223 ||| ENCHANTING +0 cloak.
 13284 | Lair:5   | 13284 ||| PLANNING D:1-11
 13284 | Lair:5   | 13284 ||| DROPPING +2 pair of gloves of infusion.
 13285 | Lair:5   | 13285 ||| UPGRADING to +0 tower shield.
 13295 | Lair:5   | 13295 ||| DROPPING +0 buckler.
 13296 | Lair:5   | 13296 ||| READING scroll labelled DESTREUTYMA.
 13534 | D:9      | 13534 ||| Stepping ~*~*~tactically~*~*~ (stealth).
 13584 | D:9      | 13584 ||| Stepping ~*~*~tactically~*~*~ (hiding).
 13589 | D:9      | 13589 ||| INVOKING Heroism.
 13614 | D:9      | Found a shimmering altar of Xom.
 13618 | D:9      | Found an opulent altar of Gozag.
 13620 | D:9      | Found a glowing golden altar of the Shining One.
 13664 | D:9      | 13664 ||| Stepping ~*~*~tactically~*~*~ (stealth).
 13810 | D:9      | 13810 ||| Stepping ~*~*~tactically~*~*~ (stealth).
 13850 | D:9      | 13850 ||| DROPPING +0 morningstar.
 13868 | D:9      | Found an ancient bone altar of Kikubaaqudgha.
 13954 | D:9      | Found a burning altar of Makhleb.
 13990 | D:9      | 13990 ||| Stepping ~*~*~tactically~*~*~ (stealth).
 13992 | D:9      | 13992 ||| INVOKING Heroism.
 13994 | D:9      | 13994 ||| Stepping ~*~*~tactically~*~*~ (stealth).
 14004 | D:9      | 14004 ||| Stepping ~*~*~tactically~*~*~ (stealth).
 14151 | D:9      | Found a shadowy altar of Dithmenos.
 14153 | D:9      | Found a white marble altar of Elyvilon.
 14229 | D:9      | 14229 ||| INVOKING Heroism.
 14313 | D:10     | Entered Level 10 of the Dungeon
 14485 | D:10     | 14485 ||| Stepping ~*~*~tactically~*~*~ (stealth).
 14488 | D:10     | 14488 ||| Stepping ~*~*~tactically~*~*~ (stealth).
 14577 | D:10     | 14577 ||| INVOKING Heroism.
 14699 | D:10     | Reached skill level 9 in Shields
 14745 | D:10     | 14745 ||| FLEEEEING.
 14747 | D:10     | 14747 ||| FLEEEEING.
 14763 | D:10     | 14763 ||| Stepping ~*~*~tactically~*~*~ (hiding).
 14790 | D:10     | 14790 ||| Stepping ~*~*~tactically~*~*~ (stealth).
 14791 | D:10     | 14791 ||| Stepping ~*~*~tactically~*~*~ (stealth).
 14792 | D:10     | 14792 ||| Stepping ~*~*~tactically~*~*~ (stealth).
 14793 | D:10     | 14793 ||| Stepping ~*~*~tactically~*~*~ (stealth).
 14832 | D:10     | 14832 ||| Stepping ~*~*~tactically~*~*~ (hiding).
 14871 | D:10     | 14871 ||| INVOKING Heroism.
 14953 | D:10     | Found a staircase to the Orcish Mines.
 15168 | D:10     | 15168 ||| READING scroll labelled UDUDAH NEDIPS.
 15169 | D:10     | 15169 ||| READING 10 scrolls of identify.
 15169 | D:10     | 15169 ||| IDENTIFYING grey potion
 15170 | D:10     | 15170 ||| DROPPING potion of invisibility.
 15244 | D:11     | 15244 ||| INVOKING Heroism.
 15336 | D:11     | 15336 ||| INVOKING Heroism.
 15395 | D:11     | 15395 ||| READING scroll of acquirement.
 15395 | D:11     | 15395 ||| ACQUIRING +6 ring of dexterity
 15395 | D:11     | Acquired a +6 ring of dexterity
 15416 | D:11     | 15416 ||| FLEEEEING.
 15417 | D:11     | 15417 ||| FLEEEEING.
 15418 | D:11     | 15418 ||| FLEEEEING.
 15419 | D:11     | 15419 ||| FLEEEEING.
 15420 | D:11     | 15420 ||| FLEEEEING.
 15421 | D:11     | 15421 ||| FLEEEEING.
 15422 | D:11     | 15422 ||| FLEEEEING.
 15423 | D:11     | 15423 ||| FLEEEEING.
 15424 | D:11     | 15424 ||| FLEEEEING.
 15425 | D:11     | 15425 ||| FLEEEEING.
 15426 | D:11     | 15426 ||| FLEEEEING.
 15427 | D:11     | 15427 ||| FLEEEEING.
 15428 | D:11     | 15428 ||| FLEEEEING.
 15429 | D:11     | 15429 ||| FLEEEEING.
 15430 | D:11     | 15430 ||| FLEEEEING.
 15466 | D:11     | Found a stormy altar of Qazlal.
 15521 | D:11     | Noticed Erolcha
 15522 | D:11     | 15522 ||| INVOKING Heroism.
 15523 | D:11     | 15523 ||| INVOKING Finesse.
 15523 | Abyss:2  | Cast into level 2 of the Abyss (Erolcha)
 15634 | Abyss:2  | 15634 ||| INVOKING Heroism.
 15683 | Abyss:2  | 15683 ||| INVOKING Heroism.
 15739 | Abyss:2  | Received a gift from Okawaru
 15791 | Abyss:2  | 15791 ||| INVOKING Heroism.
 15796 | Abyss:2  | Noticed a deep elf elementalist
 15799 | Abyss:2  | 15799 ||| Stepping ~*~*~tactically~*~*~ (hiding).
 15807 | Abyss:2  | Killed a deep elf elementalist
 15811 | Abyss:2  | HP: 7/90 [something (19)]
 15812 | Abyss:2  | 15812 ||| READING scroll of teleportation.
 15813 | Abyss:2  | 15813 ||| DRINKING 3 potions of heal wounds.
 15814 | Abyss:2  | 15814 ||| Stepping ~*~*~tactically~*~*~ (stealth).
 15815 | Abyss:2  | 15815 ||| DRINKING 2 potions of heal wounds.
 15816 | Abyss:2  | Killed a lorocyproca
 15826 | Abyss:2  | 15826 ||| INVOKING Heroism.
 15842 | Abyss:2  | 15842 ||| Stepping ~*~*~tactically~*~*~ (stealth).
 15851 | Abyss:2  | Noticed a tentacled starspawn
 15852 | Abyss:2  | 15852 ||| Stepping ~*~*~tactically~*~*~ (stealth).
 15853 | Abyss:2  | 15853 ||| Stepping ~*~*~tactically~*~*~ (stealth).
 15854 | Abyss:2  | 15854 ||| Stepping ~*~*~tactically~*~*~ (stealth).
 15869 | Abyss:2  | 15869 ||| Stepping ~*~*~tactically~*~*~ (stealth).
 15870 | Abyss:2  | 15870 ||| Stepping ~*~*~tactically~*~*~ (stealth).
 15875 | Abyss:2  | 15875 ||| Stepping ~*~*~tactically~*~*~ (hiding).
 15876 | Abyss:2  | 15876 ||| Stepping ~*~*~tactically~*~*~ (hiding).
 15877 | Abyss:2  | 15877 ||| Stepping ~*~*~tactically~*~*~ (hiding).
 15878 | Abyss:2  | 15878 ||| Stepping ~*~*~tactically~*~*~ (hiding).
 15879 | Abyss:2  | 15879 ||| Stepping ~*~*~tactically~*~*~ (hiding).
 15891 | Abyss:2  | 15891 ||| INVOKING Heroism.
 15893 | Abyss:2  | Killed a tentacled starspawn
 15893 | Abyss:2  | Received a gift from Okawaru
 15966 | Abyss:2  | Noticed a starcursed mass
 15967 | Abyss:2  | 15967 ||| Stepping ~*~*~tactically~*~*~ (hiding).
 15972 | Abyss:2  | Noticed a tentacled starspawn
 15973 | Abyss:2  | 15973 ||| INVOKING Heroism.
 15979 | Abyss:2  | Paralysed by accursed screaming for 1 turns
 15985 | Abyss:2  | Killed a tentacled starspawn
 15998 | Abyss:2  | HP: 22/90 [starcursed mass (10)]
 15999 | Abyss:2  | 15999 ||| DRINKING potion of heal wounds.
 16003 | Abyss:2  | HP: 21/90 [starcursed mass/accursed screaming (8)]
 16005 | Abyss:2  | HP: 7/90 [starcursed mass/accursed screaming (8)]
 16010 | Abyss:2  | HP: 2/90 [starcursed mass/accursed screaming (10)]
 16011 | Abyss:2  | Slain by a starcursed mass

Levels and vault maps discovered:
D:1:      amcnicky_arrival_blooded_trapdoor, layout_rooms,
          chequers_ecumenical_altar_simple
D:2:      layout_basic, amethyst_killhole, grunt_ministairs_9,
          minmay_misc_feat_room
D:3:      layout_loops_ring, overflow_temple_1_default, minmay_goblin_outpost,
          uniq_robin
D:4:      layout_basic, gammafunk_temple_overflow_wave,
          nicolae_overflow_crystal_walls, mainiacjoe_overflow_surrounded_room
D:5:      layout_basic, lemuel_tele_altar, mainiacjoe_overflow_paths,
          lexackson_kobold_supper
D:6:      layout_basic, minmay_temple_entry_glassed_door, serial_aquarium,
          aquarium_bridge_square [aquarium_subvault_wall,
          aquarium_subvault_bridge, aquarium_subvault_balcony,
          aquarium_subvault_bridge], aquarium_window_fake, aquarium_window_3,
          aquarium_window_2, aquarium_window_2, aquarium_view_2e,
          aquarium_pool_side, nicolae_take_the_stairs, uniq_maggie
D:7:      layout_basic, serial_shops, shop, nicolae_shop_crystal
D:8:      minmay_cornered_nines, layout_basic, kennysheep_slug_shrine,
          due_lair_maze_entry_diamond, gammafunk_ghost_split
D:9:      layout_basic, kennysheep_little_box,
          lemuel_mausoleum_altar_kikubaaqudgha, nicolae_overflow_hidden_temple
D:10:     layout_loops_cross, david_orc_4, nicolae_water_bricks,
          nicolae_concentric_dashed_squares_mild, billiards_dpeg
D:11:     regret_index_harrowing_hell_hive, layout_rooms,
          nicolae_qazlal_style_of_elements, uniq_erolcha
Lair:1:   minmay_guarded_unrand_snakebite, layout_layer_cave,
          kennysheep_abandoned_house, uniq_erica
Lair:2:   layout_regular_city, minmay_shoals_entry_centaurs,
          dreamdust_mushroom_princess, grunt_megastairs_4, lemuel_fruit_tree
Lair:3:   layout_regular_city, minmay_snake_entry_guardpost_large,
          beast_lair_carwin_4
Lair:4:   layout_small_grid, slime_entry_1, hellmonk_ghost_happy_afterlife,
          minmay_shattered_shrine
Lair:5:   cheibrodos_lair_end_hotspot, layout_long_grid
Abyss:2:  base: D:3, hangedman_abyss_sting

Skill      XL: |  1  2  3  4  5  6  7  8  9 10 11 12 13 14 |
---------------+-------------------------------------------+-----
Axes           | 2 3 4 5 6 7 8 9 10 11 12 14 | 14.8
Fighting       | 4 5 7 8 9 10 11 | 11.0
Dodging        | 1 3 |  3.4
Armour         | 4 6 7 8 9 10 | 10.0
Invocations    | 3 4 5 9 10 | 10.0
Throwing       | 1 4 5 |  5.0
Shields        | 4 5 6 7 11 | 11.8

Action                   |  1- 3 |  4- 6 |  7- 9 | 10-12 | 13-15 || total
-------------------------+-------+-------+-------+-------+-------++-------
Melee: War axe           |   137 |   182 |   253 |   464 |   844 ||  1880
       Kick              |       |    13 |    71 |   186 |   342 ||   612
       Flail             |       |       |       |    15 |     7 ||    22
Throw: Boomerang         |     3 |    22 |    12 |    48 |    14 ||    99
       Javelin           |       |       |       |    11 |     6 ||    17
Invok: Heroism           |       |       |    14 |    21 |    29 ||    64
       Finesse           |       |       |       |     4 |     4 ||     8
  Use: Scroll            |     3 |     3 |    12 |     3 |     8 ||    29
       Potion            |     1 |     4 |     1 |       |     6 ||    12
Armor: Scale mail        |    27 |       |       |       |       ||    27
       Chain mail        |    20 |    70 |    31 |       |       ||   121
       Plate armour      |       |       |    78 |   223 |   331 ||   632
Dodge: Dodged            |    76 |   108 |   107 |   193 |   287 ||   771
Block: Buckler           |    20 |    32 |    57 |   106 |    93 ||   308
       Tower shield      |       |       |       |       |   358 ||   358

Table legend:
 A = Non-vault XP
 B = Vault XP
 C = Vault XP percentage of total XP
 D = Non-vault monster count
 E = Vault monster count
 F = Vault count percentage of total count
                 A         B        C        D         E       F
            +---------+---------+-------+---------+---------+-------
      Total |   56285 |   21763 |  27.9 |     372 |     159 |  29.9
            +---------+---------+-------+---------+---------+-------
        D:1 |      39 |       0 |   0.0 |      22 |       0 |   0.0
        D:2 |      45 |       4 |   8.2 |      23 |       2 |   8.0
        D:3 |     172 |      51 |  22.9 |      29 |      20 |  40.8
        D:4 |     590 |       0 |   0.0 |      26 |       0 |   0.0
        D:5 |     417 |     103 |  19.8 |       8 |       7 |  46.7
        D:6 |     707 |     385 |  35.3 |      24 |       1 |   4.0
        D:7 |     863 |       0 |   0.0 |      25 |       0 |   0.0
        D:8 |    1295 |    3261 |  71.6 |      17 |      15 |  46.9
        D:9 |    3053 |    1663 |  35.3 |      34 |      12 |  26.1
       D:10 |    2558 |     949 |  27.1 |      18 |      20 |  52.6
       D:11 |    1506 |       0 |   0.0 |      13 |       0 |   0.0
     Lair:1 |    3228 |    3442 |  51.6 |      14 |      28 |  66.7
     Lair:2 |    7110 |    1135 |  13.8 |      16 |      10 |  38.5
     Lair:3 |   11580 |    1646 |  12.4 |      39 |      11 |  22.0
     Lair:4 |    5729 |    3333 |  36.8 |      13 |       7 |  35.0
     Lair:5 |    6966 |    5791 |  45.4 |      25 |      26 |  51.0
    Abyss:2 |   10427 |       0 |   0.0 |      26 |       0 |   0.0
            +---------+---------+-------+---------+---------+-------
